TOP OF THE 1ST |
Evansville Triplets batting - Pitching for Iowa Oaks : LHP Trevor Faugno
|
Pitching: LHP Trevor Faugno
|
|
Batting: LHB Rob Wilfong
|
0-0: Ball 1-0: Foul Ball, location: 2F 1-1: Swinging Strike 1-2: Reached on error, E5 (Groundball, 5, EV 85.0 MPH)
|
Batting: LHB Lloyd Moseby
|
0-0: Called Strike 0-1: Ball 1-1: Ball 2-1: Ball 3-1: Called Strike 3-2: Base on Balls Rob Wilfong to second
|
Batting: RHB Ron Kittle
|
0-0: Swinging Strike 0-1: SINGLE (Groundball, 56, EV 100.6 MPH) Rob Wilfong to third Lloyd Moseby to second Runner from 3rd tries for Home, SAFE, throw by LF to home
|
Batting: RHB Don Lyle
|
0-0: Foul Ball, location: 2F 0-1: Fielders Choice at 2nd, 6-4 (Groundball, 6, EV 100.6 MPH) Lloyd Moseby to third
|
Batting: RHB John Scott
|
0-0: Ball 1-0: Called Strike 1-1: Foul Ball, location: 2F 1-2: Strikes out swinging
|
Batting: LHB Mike Squires
|
0-0: Ball 1-0: Swinging Strike 1-1: Ball 2-1: Foul Ball, location: 2F 2-2: Fly out, F7 (Flyball, 78M, EV 91.9 MPH)
|
Top of the 1st over - 1 run, 1 hit, 1 error, 2 left on base; Evansville 1 - Iowa 0 |
BOTTOM OF THE 1ST |
Iowa Oaks batting - Pitching for Evansville Triplets : RHP Matt Keough
|
Pitching: RHP Matt Keough
|
|
Batting: RHB Joseph Stewart
|
0-0: Swinging Strike 0-1: Ball 1-1: Foul Ball, location: 2F 1-2: Strikes out swinging
|
Batting: RHB Tom Veryzer
|
0-0: Fly out, F8 (Flyball, 8LS, EV 76.9 MPH)
|
Batting: RHB Scott Fletcher
|
0-0: Ball 1-0: Ball 2-0: Ball 3-0: Base on Balls
|
Batting: RHB Willie Darkis
|
0-0: Ball 1-0: Fly out, F6 (Popup, 6D, EV 58.8 MPH)
|
Bottom of the 1st over - 0 runs, 0 hits, 0 errors, 1 left on base; Evansville 1 - Iowa 0 |
TOP OF THE 2ND |
Evansville Triplets batting - Pitching for Iowa Oaks : LHP Trevor Faugno
|
Batting: RHB Mike Allen
|
0-0: Called Strike 0-1: Fly out, F8 (Flyball, 8LM, EV 78.8 MPH)
|
Batting: SHB Bobby Thompson
|
0-0: Ball 1-0: Fly out, F8 (Flyball, 8RD, EV 99.4 MPH)
|
Batting: LHB Rick Stelmaszek
|
0-0: Ball 1-0: Ball 2-0: Called Strike 2-1: Ball 3-1: Called Strike 3-2: Base on Balls
|
Batting: LHB Rob Wilfong
|
0-0: Foul Ball, location: 2F 0-1: Ball 1-1: Swinging Strike 1-2: Ball 2-2: SINGLE (Groundball, 56D, EV 95.6 MPH) Rick Stelmaszek to second
|
Batting: LHB Lloyd Moseby
|
0-0: Ball 1-0: Foul Ball, location: 2F 1-1: Ball 2-1: Ball 3-1: Foul Ball, location: 2F 3-2: Fly out, F8 (Flyball, 8LS, EV 86.3 MPH)
|
Top of the 2nd over - 0 runs, 1 hit, 0 errors, 2 left on base; Evansville 1 - Iowa 0 |
BOTTOM OF THE 2ND |
Iowa Oaks batting - Pitching for Evansville Triplets : RHP Matt Keough
|
Batting: LHB Roy Hartford
|
0-0: Called Strike 0-1: Ball 1-1: Ground out 1-3 (Groundball, 13S, EV 70.0 MPH)
|
Batting: RHB Leonel Carrion
|
0-0: Ground out U3 (Groundball, 34S, EV 81.9 MPH)
|
Batting: RHB Bucky Dent
|
0-0: Called Strike 0-1: Ball 1-1: Ball 2-1: Ball 3-1: Base on Balls
|
Batting: SHB Mike Turgeon
|
0-0: Called Strike 0-1: Ball 1-1: Fly out, F9 (Flyball, 89M, EV 87.5 MPH)
|
Bottom of the 2nd over - 0 runs, 0 hits, 0 errors, 1 left on base; Evansville 1 - Iowa 0 |
TOP OF THE 3RD |
Evansville Triplets batting - Pitching for Iowa Oaks : LHP Trevor Faugno
|
Batting: RHB Ron Kittle
|
0-0: Ground out 5-3 (Groundball, 56, EV 85.0 MPH)
|
Batting: RHB Don Lyle
|
0-0: Ball 1-0: Fly out, F8 (Flyball, 8RD, EV 89.4 MPH)
|
Batting: RHB John Scott
|
0-0: Ball 1-0: Foul Ball, location: 2F 1-1: Fly out, F2 (Popup, 2RF, EV 94.4 MPH)
|
Top of the 3rd over - 0 runs, 0 hits, 0 errors, 0 left on base; Evansville 1 - Iowa 0 |
BOTTOM OF THE 3RD |
Iowa Oaks batting - Pitching for Evansville Triplets : RHP Matt Keough
|
Batting: RHB Thomas Vessey
|
0-0: Ball 1-0: Fly out, F8 (Line Drive, 8LM, EV 96.9 MPH)
|
Batting: RHB Joseph Stewart
|
0-0: Foul Ball, location: 2F 0-1: Ball 1-1: Ball 2-1: Foul Ball, location: 2F 2-2: Ball 3-2: Foul Ball, location: 2F 3-2: Foul Ball, location: 2F 3-2: Foul Ball, location: 2F 3-2: Ground out 5-3 (Groundball, 56S, EV 61.9 MPH)
|
Batting: RHB Tom Veryzer
|
0-0: Called Strike 0-1: Ball 1-1: Foul Ball, location: 2F 1-2: Ground out 6-3 (Groundball, 6, EV 86.9 MPH)
|
Bottom of the 3rd over - 0 runs, 0 hits, 0 errors, 0 left on base; Evansville 1 - Iowa 0 |
TOP OF THE 4TH |
Evansville Triplets batting - Pitching for Iowa Oaks : LHP Trevor Faugno
|
Batting: LHB Mike Squires
|
0-0: Ball 1-0: Foul Ball, location: 2F 1-1: Called Strike 1-2: Ground out 1-3 (Groundball, 13, EV 90.0 MPH)
|
Batting: RHB Mike Allen
|
0-0: Ball 1-0: Ball 2-0: Swinging Strike 2-1: Swinging Strike 2-2: Foul Ball, location: 2F 2-2: SINGLE (Groundball, 34D, EV 104.4 MPH)
|
Batting: SHB Bobby Thompson
|
0-0: Ball Mike Allen steals 2nd base 1-0: Called Strike 1-1: Ball 2-1: Ball 3-1: Called Strike 3-2: Base on Balls
|
Batting: LHB Rick Stelmaszek
|
0-0: Called Strike 0-1: Ball 1-1: Called Strike 1-2: Ball 2-2: Ball 3-2: Foul Ball, location: 2F 3-2: Base on Balls Mike Allen to third Bobby Thompson to second
|
Batting: LHB Rob Wilfong
|
0-0: Grounds out, U3 (Groundball, 3L, EV 86.9 MPH) Mike Allen scores Bobby Thompson to third
|
Batting: LHB Lloyd Moseby
|
0-0: Foul Ball, location: 2F 0-1: Ball 1-1: Called Strike 1-2: Ball 2-2: Ball 3-2: Strikes out swinging
|
Top of the 4th over - 1 run, 1 hit, 0 errors, 2 left on base; Evansville 2 - Iowa 0 |
BOTTOM OF THE 4TH |
Iowa Oaks batting - Pitching for Evansville Triplets : RHP Matt Keough
|
Batting: RHB Scott Fletcher
|
0-0: Called Strike 0-1: Foul Ball, location: 2F 0-2: Ball 1-2: Fly out, F8 (Line Drive, 8LD, EV 88.1 MPH)
|
Batting: RHB Willie Darkis
|
0-0: Foul Ball, location: 2F 0-1: Ball 1-1: Fly out, F9 (Flyball, 9, EV 86.3 MPH)
|
Batting: LHB Roy Hartford
|
0-0: Ground out U3 (Groundball, 3, EV 83.1 MPH)
|
Bottom of the 4th over - 0 runs, 0 hits, 0 errors, 0 left on base; Evansville 2 - Iowa 0 |
TOP OF THE 5TH |
Evansville Triplets batting - Pitching for Iowa Oaks : LHP Trevor Faugno
|
Batting: RHB Ron Kittle
|
0-0: Ball 1-0: Ground out 5-3 (Groundball, 56S, EV 66.3 MPH)
|
Batting: RHB Don Lyle
|
0-0: Ball 1-0: Called Strike 1-1: Foul Ball, location: 2F 1-2: Fly out, F8 (Flyball, 8LXD, EV 99.4 MPH)
|
Batting: RHB John Scott
|
0-0: Swinging Strike 0-1: Foul Ball, location: 2F 0-2: Strikes out swinging, 2-3 out at first.
|
Top of the 5th over - 0 runs, 0 hits, 0 errors, 0 left on base; Evansville 2 - Iowa 0 |
BOTTOM OF THE 5TH |
Iowa Oaks batting - Pitching for Evansville Triplets : RHP Matt Keough
|
Batting: RHB Leonel Carrion
|
0-0: Fly out, F2 (Popup, 23F, EV 78.8 MPH)
|
Batting: RHB Bucky Dent
|
0-0: Called Strike 0-1: Ground out 4-3 (Groundball, 34D, EV 103.8 MPH)
|
Batting: SHB Mike Turgeon
|
0-0: Ball 1-0: Foul Ball, location: 2F 1-1: Called Strike 1-2: SINGLE (Flyball, 89S, EV 88.1 MPH)
|
Batting: RHB Thomas Vessey
|
0-0: Ball 1-0: Called Strike 1-1: Swinging Strike 1-2: Strikes out swinging
|
Bottom of the 5th over - 0 runs, 1 hit, 0 errors, 1 left on base; Evansville 2 - Iowa 0 |
TOP OF THE 6TH |
Evansville Triplets batting - Pitching for Iowa Oaks : LHP Trevor Faugno
|
Batting: LHB Mike Squires
|
0-0: Called Strike 0-1: Ball 1-1: Ground out 6-3 (Groundball, 6, EV 109.4 MPH)
|
Batting: RHB Mike Allen
|
0-0: Foul Ball, location: 2F 0-1: Ball 1-1: Swinging Strike 1-2: Ball 2-2: Foul Ball, location: 2F 2-2: Ground out 5-3 (Groundball, 56, EV 107.5 MPH)
|
Batting: SHB Bobby Thompson
|
0-0: Ball 1-0: Called Strike 1-1: Ball 2-1: Foul Ball, location: 2F 2-2: Strikes out swinging
|
Top of the 6th over - 0 runs, 0 hits, 0 errors, 0 left on base; Evansville 2 - Iowa 0 |
BOTTOM OF THE 6TH |
Iowa Oaks batting - Pitching for Evansville Triplets : RHP Matt Keough
|
Batting: RHB Joseph Stewart
|
0-0: Ball 1-0: Fly out, F7 (Flyball, 78D, EV 90.6 MPH)
|
Batting: RHB Tom Veryzer
|
0-0: Ball 1-0: Called Strike 1-1: Called Strike 1-2: Foul Ball, location: 2F 1-2: Ground out U3 (Groundball, 3L, EV 85.6 MPH)
|
Batting: RHB Scott Fletcher
|
0-0: Ball 1-0: SINGLE (Groundball, 6MD, EV 99.4 MPH)
|
Batting: RHB Willie Darkis
|
0-0: Called Strike 0-1: Swinging Strike 0-2: Fly out, F6 (Popup, 4MD, EV 45.6 MPH)
|
Bottom of the 6th over - 0 runs, 1 hit, 0 errors, 1 left on base; Evansville 2 - Iowa 0 |
TOP OF THE 7TH |
Evansville Triplets batting - Pitching for Iowa Oaks : LHP Trevor Faugno
|
Batting: LHB Rick Stelmaszek
|
0-0: Ball 1-0: Called Strike 1-1: Called Strike 1-2: Ball 2-2: Ground out 1-3 (Groundball, 23, EV 81.9 MPH)
|
Batting: LHB Rob Wilfong
|
0-0: Ground out 1-3 (Groundball, P, EV 73.8 MPH)
|
Batting: LHB Lloyd Moseby
|
0-0: Ball 1-0: Fly out, F8 (Flyball, 8LM, EV 83.8 MPH)
|
Top of the 7th over - 0 runs, 0 hits, 0 errors, 0 left on base; Evansville 2 - Iowa 0 |
BOTTOM OF THE 7TH |
Iowa Oaks batting - Pitching for Evansville Triplets : RHP Matt Keough
|
Batting: LHB Roy Hartford
|
0-0: Foul Ball, location: 2F 0-1: Ball 1-1: Fly out, F8 (Line Drive, 8LM, EV 93.1 MPH)
|
Batting: RHB Leonel Carrion
|
0-0: Fly out, F8 (Flyball, 8LS, EV 94.4 MPH)
|
Batting: RHB Bucky Dent
|
0-0: Ball 1-0: Foul Ball, location: 2F 1-1: Called Strike 1-2: Ball 2-2: Ball 3-2: Base on Balls
|
Batting: SHB Mike Turgeon
|
0-0: Called Strike 0-1: Swinging Strike 0-2: Foul Ball, location: 2F 0-2: Strikes out swinging
|
Bottom of the 7th over - 0 runs, 0 hits, 0 errors, 1 left on base; Evansville 2 - Iowa 0 |
TOP OF THE 8TH |
Evansville Triplets batting - Pitching for Iowa Oaks : LHP Trevor Faugno
|
Batting: RHB Ron Kittle
|
0-0: Called Strike 0-1: Fly out, F7 (Flyball, 7LMF, EV 103.8 MPH)
|
Batting: RHB Don Lyle
|
0-0: Called Strike 0-1: Foul Ball, location: 2F 0-2: Ball 1-2: Ball 2-2: Ball 3-2: Fly out, F8 (Flyball, 8RM, EV 81.3 MPH)
|
Batting: RHB John Scott
|
0-0: Ball 1-0: Ball 2-0: Foul Ball, location: 2F 2-1: Ball 3-1: Foul Ball, location: 2F 3-2: SINGLE (Groundball, 6D, EV 98.1 MPH)
|
Batting: LHB Mike Squires
|
0-0: Called Strike 0-1: Ball 1-1: Ball 2-1: Ground out 4-3 (Groundball, 4, EV 89.4 MPH)
|
Top of the 8th over - 0 runs, 1 hit, 0 errors, 1 left on base; Evansville 2 - Iowa 0 |
BOTTOM OF THE 8TH |
Iowa Oaks batting - Pitching for Evansville Triplets : RHP Matt Keough
|
Batting: RHB Thomas Vessey
|
0-0: Called Strike 0-1: Ball 1-1: SINGLE (Groundball, 5D, EV 105.6 MPH)
|
Batting: RHB Joseph Stewart
|
0-0: Called Strike 0-1: Fly out, F8 (Line Drive, 8LD, EV 98.1 MPH)
|
Batting: RHB Tom Veryzer
|
0-0: Fielders Choice at 2nd, 6-4 (Groundball, 6, EV 80.6 MPH)
|
Batting: RHB Scott Fletcher
|
0-0: Ball 1-0: Foul Ball, location: 2F 1-1: Foul Ball, location: 2F 1-2: Ball 2-2: Fly out, F7 (Line Drive, 7D, EV 92.5 MPH)
|
Bottom of the 8th over - 0 runs, 1 hit, 0 errors, 1 left on base; Evansville 2 - Iowa 0 |
TOP OF THE 9TH |
Evansville Triplets batting - Pitching for Iowa Oaks : LHP Trevor Faugno
|
Batting: RHB Mike Allen
|
0-0: Called Strike 0-1: SINGLE (Line Drive, 6M, EV 93.8 MPH)
|
Batting: SHB Bobby Thompson
|
0-0: Ball 1-0: Ball 2-0: Foul Ball, location: 2F 2-1: Ball 3-1: Base on Balls Mike Allen to second
|
Batting: LHB Rick Stelmaszek
|
0-0: Foul Ball, location: 2F 0-1: Ball 1-1: Grounds into double play, 6-4-3 (Groundball, 56, EV 85.0 MPH) Mike Allen to third
|
Batting: LHB Rob Wilfong
|
0-0: Called Strike 0-1: Swinging Strike 0-2: Ball 1-2: Ball 2-2: SINGLE (Groundball, 34D, EV 106.3 MPH) Mike Allen scores
|
Batting: LHB Lloyd Moseby
|
0-0: Ball 1-0: Ball 2-0: Swinging Strike 2-1: Foul Ball, location: 2F 2-2: SINGLE (Groundball, 34D, EV 99.4 MPH) Rob Wilfong to second Runner from 2nd tries for 3rd, SAFE, no throw by RF
|
Batting: RHB Ron Kittle
|
0-0: Ball Lloyd Moseby is caught stealing 2nd base 2-4
|
Top of the 9th over - 1 run, 3 hits, 0 errors, 1 left on base; Evansville 3 - Iowa 0 |
BOTTOM OF THE 9TH |
Iowa Oaks batting - Pitching for Evansville Triplets : RHP Matt Keough
|
Batting: RHB Willie Darkis
|
0-0: SINGLE (Flyball, 8RS, EV 84.4 MPH)
|
Batting: LHB Roy Hartford
|
0-0: Foul Ball, location: 2F 0-1: DOUBLE (Flyball, 89D, EV 91.9 MPH) Willie Darkis to third
|
Batting: RHB Leonel Carrion
|
0-0: Ball 1-0: Foul Ball, location: 2F 1-1: Ground out 6-3 (Groundball, 6M, EV 86.3 MPH) Willie Darkis scores Roy Hartford to third
|
Pitching: RHP Fred Breining
|
|
Batting: RHB Bucky Dent
|
0-0: Ground out 1-3 (Groundball, 13, EV 86.9 MPH)
|
Batting: SHB Mike Turgeon
|
0-0: Ball 1-0: Foul Ball, location: 2F 1-1: Ball 2-1: Fly out, F9 (Line Drive, 9D, EV 88.8 MPH)
|
Bottom of the 9th over - 1 run, 2 hits, 0 errors, 1 left on base; Evansville 3 - Iowa 1 |
|